Map: [ESL] Moondance

Players

HeroMarine

  • Race: Terran Terran
  • Spawn Location: 6:00

ShoWTimE - Winner!

  • Race: Protoss Protoss
  • Spawn Location: 12:00

Event: DreamHack SC2 Masters 2022 Atlanta (Online)

VOD

Have the link to the VOD?

Description

Time

  • Played on: Oct. 11, 2022, 12:20 p.m.
  • Length: 23:42

All games in this series

Show
View Real Time Build Order
Export as new Build Order

HeroMarine Terran 

Build Orders:  

Get SALT Encoding   

  12  0:00  SCV  
  13  0:12  SCV  
  14  0:17  Supply Depot  
  14  0:24  SCV  
  15  0:38  SCV  
  15  0:39  Barracks  
  16  0:43  Refinery  
  16  0:50  SCV  
  16  0:52  Refinery  
  17  1:02  SCV  
  18  1:14  SCV  
  19  1:25  Reaper  
  19  1:27  Orbital Command  
  19  1:28  Supply Depot  
  20  1:42  Factory  
  20  1:53  SCV  
  21  1:58  Reaper  
  22  2:05  SCV  
  23  2:16  Command Center  
  23  2:18  SCV  
  24  2:27  Hellion  
  26  2:30  SCV  
  26  2:36  Barracks Reactor  
  27  2:38  Supply Depot  
  27  2:42  SCV  
  28  2:46  Starport  
  28  2:50  Widow Mine  
  30  2:55  SCV  
  31  3:07  SCV  
  32  3:19  SCV  
  33  3:20  Widow Mine, Marine x2  
  34  3:28  Medivac, Orbital Command  
  34  3:31  SCV  
  37  3:38  Bunker  
  37  3:39  Barracks  
  37  3:42  Factory Tech Lab  
  37  3:43  SCV  
  37  3:47  Marine x2  
  37  3:48  Orbital Command  
  40  3:55  SCV  
  41  4:05  Barracks  
  41  4:07  SCV  
  41  4:09  Raven  
  44  4:13  Engineering Bay  
  44  4:16  SCV  
  45  4:19  SCV  
  45  4:20  Factory Tech Lab  
  45  4:22  Marine  
  45  4:23  Marine  
  48  4:28  SCV  
  48  4:30  Supply Depot  
  49  4:31  SCV  
  50  4:40  SCV  
  50  4:43  SCV  
  50  4:44  Terran Infantry Weapons Level 1  
  50  4:45  Stimpack  
  52  4:46  Marauder  
  52  4:51  Supply Depot  
  52  4:52  SCV, Marine x2  
  57  4:56  SCV  
  58  5:00  Refinery  
  58  5:02  Refinery  
  58  5:04  SCV  
  58  5:05  Combat Shield  
  58  5:08  SCV  
  58  5:10  Supply Depot  
  59  5:14  Marauder  
  59  5:16  SCV, Marauder  
  59  5:20  SCV, Marine x2  
  67  5:22  Starport Reactor, Factory Reactor  
  65  5:28  SCV  
  65  5:32  SCV  
  65  5:33  Supply Depot  
  67  5:35  Supply Depot  
  67  5:36  Marauder  
  67  5:38  Marauder, Marine x2  
  67  5:41  SCV  
  74  5:45  SCV  
  74  5:49  Supply Depot  
  75  5:56  Marine x2  
  77  5:57  Marauder  
  77  5:59  Medivac x2  
  77  6:00  Marauder  
  77  6:02  Widow Mine  
  87  6:04  Widow Mine  
  89  6:13  Marine  
  89  6:14  Marine  
  91  6:19  Marauder  
  91  6:21  Marauder  
  91  6:24  Concussive Shells  
  91  6:25  Widow Mine  
  97  6:26  Widow Mine  
  97  6:28  Medivac  
  97  6:31  Marine x2  
  101  6:38  SCV  
  101  6:39  SCV  
  101  6:49  Marine  
  102  6:56  Command Center  
  102  6:57  Marauder, Marine  
  102  6:58  Marauder  
  107  7:06  Widow Mine  
  107  7:07  Marine  
  110  7:14  Widow Mine  
  110  7:22  Medivac, Marine  
  110  7:23  Supply Depot, Marauder x2  
  110  7:27  Medivac  
  110  7:29  Marine  
  112  7:31  SCV x2  
  105  7:38  Widow Mine x2  
  105  7:40  Marine  
  105  7:43  SCV x2  
  110  7:44  Marauder x2  
  110  7:51  Barracks x2  
  110  7:55  SCV x2, Medivac  
  114  8:00  Terran Infantry Armor Level 1  
  114  8:02  Ghost Academy  
  114  8:03  Marine x2  
  116  8:06  Widow Mine, Marauder  
  116  8:07  Marauder  
  116  8:11  Medivac  
  116  8:12  Widow Mine  
  126  8:14  SCV  
  126  8:15  SCV  
  130  8:27  Supply Depot, Marauder, Marine x2  
  130  8:28  Marauder  
  130  8:33  Medivac, Widow Mine  
  130  8:34  Widow Mine  
  140  8:46  Supply Depot  
  140  8:48  Medivac  
  140  8:49  Marauder  
  140  8:50  Orbital Command  
  140  8:51  Supply Depot  
  140  8:52  Barracks Reactor, SCV x2, Barracks Tech Lab  
  140  8:54  Enhanced Shockwaves  
  146  8:57  Supply Depot  
  146  9:04  SCV, Marauder  
  146  9:07  SCV, Marine x2  
  152  9:10  Marauder  
  143  9:21  Marauder  
  131  9:25  Marauder, Marine x2  
  131  9:27  Medivac x2  
  131  9:29  Marine  
  132  9:31  Marine x2  
  132  9:38  Refinery x2  
  130  9:41  Ghost  
  130  9:42  Marine x2  
  130  9:43  Widow Mine x2  
  137  9:46  Ghost  
  137  9:47  Marine  
  137  9:49  Marauder  
  142  9:54  Marine  
  143  10:00  Marine x2  
  143  10:01  Viking x2  
  143  10:06  Armory  
  149  10:07  Engineering Bay  
  149  10:09  Bunker, Marine  
  149  10:11  Marauder x2  
  154  10:15  Marauder  
  126  10:29  Marine x2  
  126  10:31  Ghost  
  126  10:32  SCV x2, Marauder  
  126  10:33  SCV, Marine  
  116  10:36  Marauder, Marine  
  109  10:44  SCV x2  
  109  10:45  SCV  
  112  10:54  Marauder  
  112  10:56  SCV  
  112  10:57  SCV, Widow Mine x2  
  120  10:58  Terran Infantry Armor Level 2, Terran Infantry Weapons Level 2  
  120  11:01  Ghost  
  120  11:04  Ghost  
  122  11:06  SCV  
  122  11:09  SCV  
  122  11:10  Marine x3  
  122  11:11  Marine  
  134  11:21  Widow Mine x2, Marauder  
  136  11:29  Ghost  
  136  11:32  Marine  
  138  11:33  Command Center, Marauder, Marine x3  
  138  11:35  Terran Ship Weapons Level 1  
  138  11:38  Viking  
  146  11:40  Viking  
  149  11:47  Marauder  
  149  11:49  Missile Turret  
  149  11:51  Missile Turret, Marine x2  
  149  11:52  Marine  
  152  11:54  Marauder  
  152  11:59  Marauder  
  156  12:02  Widow Mine x2  
  156  12:08  Supply Depot, Viking, Marauder  
  164  12:10  Supply Depot, Viking  
  166  12:16  Marauder  
  166  12:17  SCV  
  166  12:19  Starport, Marine  
  166  12:20  Marauder, Marine  
  173  12:26  Marine  
  173  12:30  Widow Mine x2, Marauder, Marine  
  179  12:39  Marauder  
  179  12:41  Marine x2  
  179  12:42  Marauder  
  184  12:44  Barracks, Marine  
  184  12:45  Barracks  
  184  12:46  SCV  
  184  12:48  Marine  
  186  13:00  Orbital Command  
  186  13:04  SCV  
  186  13:05  SCV x2  
  189  13:12  Medivac x2, Widow Mine x2, Ghost  
  199  13:21  Personal Cloaking  
  199  13:24  Terran Infantry Weapons Level 3  
  197  13:32  Terran Infantry Armor Level 3  
  193  13:47  Marauder  
  193  13:48  Marauder  
  195  14:02  Marauder  
  163  14:06  Barracks Tech Lab x2  
  163  14:07  Marine  
  163  14:08  Marine, Ghost x2  
  163  14:09  Command Center  
  167  14:13  Medivac  
  169  14:23  Marauder  
  167  14:35  Ghost x2  
  167  14:37  Marauder, Ghost  
  173  14:44  Ghost  
  175  14:47  Marine x2  
  175  14:52  SCV  
  176  14:54  Missile Turret  
  176  14:59  Marauder  
  178  15:01  Sensor Tower  
  178  15:04  Marauder, Ghost  
  178  15:05  Ghost  
  184  15:13  Ghost  
  186  15:18  Marine  
  186  15:19  Ghost  
  189  15:26  Marauder  
  189  15:33  Marauder  
  189  15:34  Ghost  
  185  15:42  Marauder, Marine  
  174  15:43  Marine x3  
  174  15:45  Refinery  
  174  15:46  SCV x3, Ghost  
  174  15:47  SCV  
  174  15:48  Ghost  
  186  15:54  Refinery  
  186  15:55  Marauder  
  188  16:03  Marauder x2  
  174  16:06  Refinery  
  129  16:12  Orbital Command  
  129  16:16  Marauder x2  
  129  16:17  Marauder, Marine  
  129  16:18  SCV, Marine  
  123  16:19  SCV x2  
  123  16:24  Marauder  
  123  16:25  Marauder  
  127  16:31  SCV x4  
  131  16:37  Marauder x2  
  131  16:39  Marauder  
  137  16:43  Planetary Fortress  
  137  16:45  Ghost  
  137  16:46  Marauder  
  141  16:55  Missile Turret  
  141  16:58  Marauder  
  141  16:59  Marauder  
  141  17:00  Marauder  
  147  17:02  Viking x3  
  147  17:06  Viking  
  153  17:24  Marauder  
  153  17:26  Marine  
  153  17:27  Marine  
  149  17:32  Viking x2  
  149  17:35  Ghost x2  
  149  17:36  Marauder  
  159  17:37  Marauder, Marine x2  
  159  17:40  SCV, Refinery  
  159  17:42  Viking  
  166  17:44  Marine x2  
  166  17:46  Marauder  
  166  17:50  Command Center  
  168  17:54  Viking  
  168  17:55  Marine x2  
  168  17:58  Marauder, Marine  
  175  18:02  Viking, Marine x2  
  175  18:04  Marauder  
  175  18:05  Marauder  
  183  18:07  Marauder  
  185  18:12  Marine  
  185  18:15  Marine, Ghost  
  185  18:18  Ghost  
  191  18:20  Marine  
  191  18:26  Medivac x2, Marauder x2  
  200  18:32  Marine  
  200  18:33  Marine  
  198  18:37  SCV x2  
  198  18:38  SCV x2  
  198  18:40  SCV  
  175  18:51  SCV  
  175  18:52  SCV  
  175  18:53  SCV  
  166  18:59  Marauder  
  166  19:00  Marauder, Marine x2  
  145  19:04  Ghost  
  145  19:05  Marauder x2, Marine x2  
  145  19:10  Medivac  
  145  19:12  Medivac  
  149  19:17  Medivac, Marine x2  
  149  19:20  Ghost  
  149  19:22  Marauder  
  149  19:23  Marine  
  158  19:27  Medivac  
  160  19:35  Ghost  
  162  19:40  Ghost  
  162  19:45  SCV  
  163  19:46  SCV x2  
  163  19:47  SCV x3  
  163  19:50  Marine x5  
  173  19:57  SCV  
  159  20:00  SCV  
  159  20:02  Marauder x2  
  159  20:04  Marauder  
  166  20:07  Planetary Fortress  
  166  20:08  Marine x2  
  166  20:09  Marauder  
  166  20:11  Marauder  
  169  20:21  SCV x2, Missile Turret  
  169  20:23  Marauder x2  
  169  20:27  Ghost  
  174  20:40  Marauder, Ghost  
  178  20:47  Ghost  
  165  20:53  Marine x2  
  162  21:00  Marine  
  162  21:02  Marine x3  
  160  21:04  Marine  
  160  21:09  Marine  
  160  21:10  Orbital Command  
  132  21:13  Marine  
  132  21:14  Marine  
  132  21:16  Marauder  
  132  21:17  Marine  
  114  21:19  Medivac x3, Marine  
  114  21:20  Marine x2  
  114  21:22  Marine  
  123  21:27  Marine  
  123  21:30  Orbital Command  
  123  21:31  Marine  
  123  21:32  Marine  
  126  21:35  Marine  
  126  21:37  Refinery, Marine  
  126  21:38  Marauder x3  
  134  21:40  Marine  
  134  21:41  Refinery  
  134  21:45  Marine  
  136  21:49  Marine  
  136  21:50  Marine  
  136  21:53  Marine  
  138  21:55  Marine  
  138  21:58  Marauder  
  138  21:59  Marauder x3  
  144  22:02  Command Center  
  144  22:03  SCV, Marauder  
  144  22:07  Marine  
  148  22:09  Marine  
  148  22:11  Marine  
  148  22:13  Marine  
  148  22:14  Refinery  
  151  22:19  Marauder  
  151  22:20  Marauder  
  151  22:21  Marauder x2  
  159  22:25  Marauder, Marine  
  159  22:27  Marine  
  163  22:41  Marauder, Ghost  
  163  22:42  Marauder x2  
  159  22:46  Marauder  
  138  22:52  Marine x3  
  138  22:53  Marine  
  123  23:02  Marauder  
  123  23:03  Marauder x2  
  112  23:07  SCV x2, Marine  
  112  23:10  Marine x3  
  112  23:11  Marauder, Marine  
  102  23:23  Marine  
Show
View Real Time Build Order
Export as new Build Order

ShoWTimE Protoss - Winner!

Build Orders: 1 Gate Expand, Blink Stalkers 

Get SALT Encoding   

  12  0:00  Probe  
  13  0:12  Probe  
  14  0:17  Pylon  
  14  0:24  Probe (Chrono Boost)  
  15  0:36  Gateway, Probe (Chrono Boost)  
  16  0:44  Probe (Chrono Boost)  
  16  0:46  Assimilator  
  17  0:50  Probe  
  18  1:03  Probe  
  19  1:15  Probe  
  20  1:23  Cybernetics Core  
  20  1:33  Nexus  
  20  1:35  Probe  
  21  1:44  Pylon  
  21  1:48  Probe  
  21  1:52  Assimilator  
  22  1:59  Stalker (Chrono Boost)  
  22  2:00  Probe  
  22  2:05  Warp Gate  
  24  2:12  Probe  
  25  2:24  Twilight Council, Probe  
  26  2:34  Stalker  
  26  2:36  Probe  
  29  2:45  Probe  
  29  2:48  Probe  
  31  2:53  Gateway  
  31  2:54  Blink (Chrono Boost)  
  31  2:57  Probe  
  32  3:00  Probe  
  33  3:08  Pylon  
  33  3:19  Probe  
  32  3:22  Probe  
  32  3:23  Robotics Facility  
  33  3:31  Probe  
  34  3:34  Probe  
  35  3:46  Nexus, Probe  
  37  3:54  Stalker x2  
  40  3:58  Pylon  
  40  4:00  Probe  
  40  4:02  Probe  
  42  4:07  Assimilator  
  42  4:09  Assimilator  
  42  4:10  Observer  
  43  4:17  Stalker  
  43  4:18  Stalker  
  43  4:20  Probe  
  43  4:22  Probe  
  49  4:27  Pylon  
  49  4:33  Probe  
  49  4:34  Probe  
  50  4:41  Stalker x2  
  50  4:45  Probe  
  55  4:47  Probe  
  55  4:49  Pylon  
  55  4:51  Observer  
  57  4:57  Probe  
  57  4:59  Probe  
  59  5:03  Observer  
  59  5:07  Stalker x2  
  59  5:09  Probe x2  
  59  5:13  Probe, Pylon  
  67  5:21  Probe x2  
  67  5:23  Templar Archives  
  67  5:26  Probe  
  69  5:30  Charge (Chrono Boost)  
  69  5:33  Probe (Chrono Boost)  
  69  5:34  Gateway  
  70  5:40  Probe x2 (Chrono Boost), Gateway  
  72  5:45  Probe (Chrono Boost)  
  75  5:50  Probe x2 (Chrono Boost)  
  75  5:52  Probe (Chrono Boost)  
  75  5:54  Gateway  
  75  5:55  Probe x2 (Chrono Boost), Psionic Storm  
  78  5:58  Gateway  
  78  5:59  Probe  
  79  6:06  Probe  
  79  6:08  Probe  
  79  6:12  Probe  
  79  6:14  High Templar  
  79  6:15  High Templar  
  79  6:18  Probe  
  83  6:22  Gateway  
  82  6:28  Probe  
  82  6:31  Gateway, High Templar  
  82  6:32  Shield Battery  
  85  6:33  Probe  
  85  6:34  Probe  
  87  6:40  Warp Prism  
  87  6:46  Sentry  
  91  6:49  Pylon  
  91  6:51  Pylon  
  91  6:53  Shield Battery  
  91  6:54  Pylon  
  91  7:02  Stalker  
  91  7:05  Pylon  
  91  7:07  Stalker x3  
  99  7:09  Assimilator  
  99  7:12  Assimilator  
  99  7:14  Pylon  
  99  7:20  Zealot  
  99  7:28  Zealot  
  97  7:31  Zealot  
  97  7:32  Zealot x2  
  97  7:34  Observer  
  99  7:37  High Templar  
  99  7:38  Probe  
  99  7:40  Probe  
  101  7:47  Probe, Stalker  
  101  7:50  Probe  
  104  7:52  Probe, High Templar x3  
  109  7:59  Probe  
  109  8:01  Observer  
  109  8:02  Probe  
  109  8:03  Forge  
  109  8:05  Probe  
  112  8:06  Stalker  
  112  8:09  Robotics Facility  
  112  8:11  Probe  
  115  8:14  Stalker x2  
  119  8:20  Pylon  
  119  8:26  Stalker x3  
  125  8:29  Pylon  
  125  8:34  Protoss Ground Weapons Level 1 (Chrono Boost)  
  125  8:40  Pylon  
  124  8:41  Pylon  
  124  8:43  Stalker x4, Pylon  
  132  8:49  Pylon  
  132  8:52  Zealot x4  
  140  8:58  Observer (Chrono Boost)  
  140  9:01  Pylon  
  141  9:10  Zealot x2, Stalker x2, Pylon  
  141  9:17  Zealot x4  
  131  9:38  Zealot x2, Stalker x6  
  139  9:44  Probe x3  
  144  10:04  Zealot x2  
  144  10:05  Zealot x5  
  156  10:07  Pylon  
  156  10:12  Pylon  
  156  10:21  Protoss Ground Armor Level 1 (Chrono Boost)  
  144  10:26  Zealot x4  
  144  10:28  Archon  
  128  10:30  Zealot x4  
  104  10:43  Warp Prism (Chrono Boost)  
  104  10:48  High Templar x4  
  112  10:51  Zealot x2  
  112  10:56  Nexus  
  115  11:01  High Templar x2  
  119  11:05  Observer, Archon  
  119  11:09  Immortal (Chrono Boost)  
  119  11:16  Robotics Bay  
  123  11:19  Robotics Facility  
  123  11:20  High Templar x4  
  123  11:25  Archon x2  
  131  11:28  Zealot x2  
  135  11:36  Probe x2  
  135  11:37  Pylon  
  137  11:47  Stalker  
  137  11:48  Stalker  
  137  11:51  Photon Cannon  
  137  11:52  Photon Cannon, Assimilator  
  141  11:54  Photon Cannon  
  141  12:03  Zealot x2  
  141  12:04  Disruptor (Chrono Boost)  
  141  12:07  Disruptor (Chrono Boost)  
  148  12:10  Protoss Ground Weapons Level 2 (Chrono Boost)  
  151  12:17  Probe x2  
  153  12:28  Pylon  
  153  12:29  Zealot x2  
  156  12:30  Zealot x4  
  156  12:34  Disruptor, Observer  
  167  12:37  Disruptor  
  167  12:43  Photon Cannon  
  164  12:47  Probe  
  164  12:48  Zealot, Photon Cannon  
  163  12:51  Stalker  
  162  12:58  Stalker x2  
  166  13:10  Stalker x4  
  174  13:22  Disruptor (Chrono Boost), Photon Cannon  
  179  13:33  Disruptor (Chrono Boost)  
  179  13:35  Stalker x3  
  179  13:41  Probe x3  
  176  13:42  Probe  
  176  13:46  Photon Cannon  
  177  13:53  Probe x2  
  177  13:54  Probe  
  172  14:04  High Templar x2  
  172  14:05  Zealot x3  
  172  14:06  Zealot x3  
  188  14:11  Probe x2  
  188  14:12  Probe x2  
  187  14:23  Probe  
  187  14:24  Probe  
  185  14:33  Nexus  
  185  14:34  Pylon  
  185  14:39  Protoss Ground Armor Level 2 (Chrono Boost), Zealot x4  
  185  14:45  Colossus (Chrono Boost)  
  191  14:49  Extended Thermal Lance (Chrono Boost)  
  197  14:56  Forge  
  197  15:02  Photon Cannon  
  197  15:03  Shield Battery  
  197  15:14  Photon Cannon  
  197  15:17  Probe x3  
  192  15:40  Colossus x2 (Chrono Boost)  
  195  15:50  High Templar x2  
  195  15:56  Protoss Ground Weapons Level 3 (Chrono Boost)  
  159  16:13  Zealot x6  
  143  16:26  Probe  
  143  16:27  High Templar x2  
  143  16:30  Colossus (Chrono Boost)  
  143  16:31  Disruptor (Chrono Boost)  
  157  16:33  Archon  
  157  16:37  High Templar x6  
  169  16:41  Archon x2  
  169  16:42  Archon  
  169  16:50  Gateway, Pylon  
  169  16:51  Gateway  
  169  16:52  Warp Prism (Chrono Boost)  
  169  16:54  Gateway  
  169  16:56  Gateway  
  169  17:00  Zealot x2  
  173  17:05  Nexus  
  173  17:07  Pylon  
  173  17:12  Disruptor (Chrono Boost)  
  176  17:29  Zealot x8  
  167  17:30  Disruptor (Chrono Boost)  
  152  17:38  Disruptor (Chrono Boost)  
  152  17:49  Observer (Chrono Boost)  
  152  17:50  Stalker x3  
  152  17:51  Stalker  
  161  17:52  Disruptor  
  161  17:57  Protoss Ground Armor Level 3 (Chrono Boost)  
  161  17:59  Disruptor  
  159  18:13  High Templar x3  
  159  18:15  Zealot x5  
  171  18:26  Nexus  
  169  18:27  Disruptor  
  169  18:32  Pylon  
  170  18:34  Zealot x2  
  170  18:35  Zealot x5  
  155  18:49  Disruptor (Chrono Boost)  
  155  18:52  Zealot  
  155  18:53  Zealot x4  
  134  19:03  Disruptor (Chrono Boost)  
  134  19:07  Stalker x7  
  141  19:12  Pylon  
  141  19:22  Protoss Shields Level 1 (Chrono Boost)  
  140  19:24  Observer (Chrono Boost)  
  140  19:35  Stalker x4  
  140  19:37  Zealot x3  
  154  19:39  Assimilator  
  154  19:43  Nexus, Assimilator  
  154  19:45  Pylon  
  154  19:47  Probe x2  
  154  19:51  Warp Prism  
  146  20:01  Zealot x4  
  146  20:03  Observer  
  155  20:11  Pylon  
  155  20:19  High Templar  
  153  20:22  Probe  
  153  20:23  Probe, High Templar  
  153  20:24  Zealot x3  
  153  20:25  Zealot x4  
  171  20:32  Archon  
  155  20:40  Stalker x3  
  155  20:41  Shield Battery  
  147  20:43  Shield Battery  
  142  20:51  Zealot x5  
  142  20:55  Disruptor  
  155  20:59  Shield Battery  
  155  21:02  Stalker x2  
  144  21:15  Zealot x6  
  138  21:18  Zealot  
  138  21:24  Observer  
  132  21:26  Stalker x3  
  132  21:31  Probe (Chrono Boost)  
  139  21:35  High Templar x3  
  146  21:40  Probe (Chrono Boost)  
  146  21:41  Zealot  
  146  21:42  Zealot x2  
  146  21:45  Probe (Chrono Boost)  
  153  22:00  Zealot x5  
  153  22:01  Zealot  
  165  22:07  Zealot x3  
  165  22:08  Zealot x2  
  175  22:15  Zealot  
  173  22:27  Stalker x7  
  173  22:28  Stalker  
  189  22:33  Zealot x2  
  169  22:51  Zealot x10  
  131  22:59  Zealot x2  
  131  23:03  Disruptor (Chrono Boost)  
  109  23:18  Zealot x3, Stalker x5  
  126  23:23  Zealot x2  
  126  23:29  Zealot x2  
  118  23:40  Zealot  
Tags
 
Add a new tag
Caveats
  • Supply blocks, unpowered buildings, or Contaminate may cause inaccurate times.
  • Supply counts are checked every 10 seconds.